 Dungeon Sprint DCSS version 0.31-a0-841-g038b102fc3 (webtiles) character file.

Game seed: 16859623619052411432

147 sircluck the Ruffian (level 5, -1/57 HPs)
             Began as a Troll Berserker on Sept 27, 2023.
             Was an Elder of Trog.
             Slain by a gnoll sergeant
             ... wielding a +0 trident of flaming
              (4 damage)
             ... in the Dungeon (Sprint VII: "The Pits").
             The game lasted 00:00:23 (112 turns).

sircluck the Ruffian (Troll Berserker)               Turns: 112, Time: 00:00:24

Health: -1/57      AC:  4    Str: 27    XL:     5   Next: 7%
Magic:  4/4        EV: 11    Int:  3    God:    Trog [****..]
Gold:   0          SH:  0    Dex:  9    Spells: 4/4 levels left

rFire   . .          .
                       - Unarmed
rCold   . . .        (no shield)
rNeg    . . .        a - +0 animal skin
rPois   .            (helmet restricted)
rElec   .            (no cloak)
rCorr   .            (gloves unavailable)
SInv    .            (boots unavailable)
Will    .....        (no amulet)
Stlth   +            (no ring)
HPRegen 1.09/turn    (no ring)
MPRegen 0.09/turn

%: no teleportation
@: no status effects
A: large, unfitting armour, claws 3, regeneration 1, shaggy fur 1, tough skin 1
a: Renounce Religion, Berserk, Trog's Hand, Brothers in Arms


You were in the Dungeon.
You worshipped Trog.
Trog was greatly pleased with you.
You visited 1 branch

Inventory:

Armour
 a - a +0 animal skin (worn)
Scrolls
 g - a scroll of blinking
 i - 2 scrolls of vulnerability
 j - a scroll of summoning
Potions
 b - a potion of curing
 c - a potion of heal wounds
 d - a potion of haste
 e - 4 potions of magic
 f - 3 potions of berserk rage
 h - 2 potions of invisibility


   Skills:
 + Level 5.5 Fighting
 + Level 5.4 Dodging
 + Level 6.5 Unarmed Combat


You had 4 spell levels left.
You didn't know any spells.
Your spell library was empty.

Dungeon Overview and Level Annotations

Branches:
Dungeon (1/1)

Altars:
Ashenzari
Cheibriados
Dithmenos
Elyvilon
Fedhas
Gozag
Hepliaklqana
Kikubaaqudgha
Makhleb
Nemelex Xobeh
Okawaru
Qazlal
Ru
Sif Muna
Trog
Uskayaw
Vehumet
Wu Jian
Xom
Yredelemnul
Zin
The Shining One
Jiyva
Lugonu


Innate Abilities, Weirdness & Mutations

You are too large for most types of armour.
You have claws for hands.
Your natural rate of healing is unusually fast.
You are covered in fur. (AC +1)
You have tough skin. (AC +1)


Message History

The endoplasm hits you.
There is an open door here.
You claw the endoplasm!
You kill the endoplasm!
Trog accepts your kill.
You claw the frilled lizard!
You kill the frilled lizard!
Trog accepts your kill.
The gnoll sergeant hits you from afar with a +0 trident of flaming!
The gnoll sergeant burns you.
* * * LOW HITPOINT WARNING * * *
You claw the gnoll! Your claw misses the gnoll.
The gnoll is almost dead.
The gnoll closely misses you. The gnoll sergeant closely misses you.
You scratch the gnoll.
You kill the gnoll!
Trog accepts your kill.
You can now call in reinforcements.
The gnoll sergeant hits you but does no damage.
You have reached level 5!
Unknown command.
The river rat bites you. The gnoll sergeant closely misses you.
You claw the river rat!
You kill the river rat!
Trog accepts your kill.
The gnoll sergeant hits you from afar with a +0 trident of flaming.
The gnoll sergeant burns you.
* * * LOW HITPOINT WARNING * * *
The gnoll sergeant hits you with a +0 trident of flaming.
* * * LOW HITPOINT WARNING * * *
The gnoll sergeant burns you.
* * * LOW HITPOINT WARNING * * *
There is an open door, spattered with blood here.
Things that are here:
a +0 flail; a river rat corpse; a gnoll corpse You claw the gnoll sergeant!
The gnoll sergeant is moderately wounded.
The gnoll sergeant hits you with a +0 trident of flaming!
* * * LOW HITPOINT WARNING * * *
The gnoll sergeant burns you.
You die...

##########.##........
#...........'........
#+#####†#####......#.
#.†#..# #........
#..'..# ####'####
#.†#### #.......#
#..#..# #.......#
#..#g.# #.......#
##@#).#+###...<...#
#.g.)....##.......#
#........##.......#
###########.......#
#########


You could see a gnoll sergeant.

Vanquished Creatures
  A floating eye (D)
  3 gnolls (D)
  A river rat (D)
  2 endoplasms (D)
  A quokka (D)
  3 bats (D)
  A frilled lizard (D)
12 creatures vanquished.

Notes
Turn   | Place    | Note
-------+----------+-------------------------------------------
     0 | D        | sircluck the Troll Berserker began the quest for the Orb.
     0 | D        | Reached XP level 1. HP: 22/22 MP: 0/0
    24 | D        | Found a bloodstained altar of Trog.
    24 | D        | Found a shimmering blue altar of Sif Muna.
    24 | D        | Found a viscous altar of Jiyva.
    24 | D        | Found a hazy altar of Hepliaklqana.
    24 | D        | Found an opulent altar of Gozag.
    25 | D        | Found a glowing golden altar of the Shining One.
    25 | D        | Found a glowing silver altar of Zin.
    25 | D        | Found a basalt altar of Yredelemnul.
    25 | D        | Found a shimmering altar of Xom.
    25 | D        | Found an ornate altar of the Wu Jian Council.
    25 | D        | Found a sacrificial altar of Ru.
    25 | D        | Found a stormy altar of Qazlal.
    25 | D        | Found an iron altar of Okawaru.
    25 | D        | Found a sparkling altar of Nemelex Xobeh.
    25 | D        | Found a burning altar of Makhleb.
    25 | D        | Found a blossoming altar of Fedhas.
    25 | D        | Found a white marble altar of Elyvilon.
    25 | D        | Found a shadowy altar of Dithmenos.
    25 | D        | Found a snail-covered altar of Cheibriados.
    28 | D        | Found a corrupted altar of Lugonu.
    28 | D        | Found a radiant altar of Vehumet.
    29 | D        | Found an ancient bone altar of Kikubaaqudgha.
    29 | D        | Found a hide-covered altar of Uskayaw.
    29 | D        | Found a broken altar of Ashenzari.
    73 | D        | Reached ** piety under Trog
    81 | D        | Noticed a floating eye
    87 | D        | Killed a floating eye
    88 | D        | Reached skill level 5 in Fighting
    88 | D        | Reached skill level 6 in Unarmed Combat
    88 | D        | Reached XP level 2. HP: 33/35 MP: 1/1
    88 | D        | Reached XP level 3. HP: 40/42 MP: 2/2
    88 | D        | Reached XP level 4. HP: 48/50 MP: 3/3
    91 | D        | Reached skill level 5 in Dodging
    97 | D        | Noticed a gnoll sergeant
    98 | D        | Reached *** piety under Trog
   107 | D        | Reached **** piety under Trog
   108 | D        | Reached XP level 5. HP: 20/57 MP: 4/4
   112 | D        | Slain by a gnoll sergeant

Illustrated notes

Levels and vault maps discovered:
D:        pitsprint [storerooms_1, entrance_room_1, metal_vault_8, armoury_1,
          mini_pit_1, grid_room_1, main_hall_1, silver_pit, the_coven_3,
          the_vestibule_1, steel_vault_5, golden_pit, hallway_of_sentries,
          crystal_vault_1, iron_vault_1, final_vault]

Skill      XL: |  1  2  3  4 |
---------------+-------------+-----
Fighting       | 5 |  5.5
Dodging        | 4 5 |  5.4
Unarmed Combat | 6 |  6.5

Action                     |  1- 3 |  4- 6 || total
---------------------------+-------+-------++-------
  Melee: Unarmed           |    17 |    12 ||    29
 Armour: Animal skin       |    20 |    16 ||    36
  Dodge: Dodged            |    11 |     7 ||    18

Table legend: (Time is in decaauts)
 A = Elapsed time spent in this place.
 B = Non-inter-level travel time spent in this place.
 C = Inter-level travel time spent in this place.
 D = Time resting spent in this place.
 E = Time spent auto-exploring this place.
 F = Levels seen in this place.
 G = Mean time per level.
                   A        B        C        D        E       F      G
               +--------+--------+--------+--------+--------+-----+--------+
         Total |    109 |    109 |      0 |      0 |     31 |   1 |  109.0 |
       Dungeon |    109 |    109 |      0 |      0 |     31 |   1 |  109.0 |
               +--------+--------+--------+--------+--------+-----+--------+

Top non-repeatable levels by time:
       D: 109 daAuts
